Map: Dusk Towers

Players

LiquidOukus - Winner!

  • Race: Zerg Zerg
  • League: Gold

Ame

  • Race: Zerg Zerg
  • League: Silver

VOD

Have the link to the VOD?

Description

Time

  • Played on: Nov. 13, 2015, 9:21 p.m.
  • Length: 3:37
Show
View Real Time Build Order
Export as new Build Order

LiquidOukus Zerg - Winner!

Build Orders: Pool First 

Get SALT Encoding   

  12  0:01  Drone  
  13  0:07  Drone  
  14  0:17  Overlord  
  14  0:32  Extractor  
  13  0:35  Drone  
  13  0:36  Drone x2  
  16  0:53  Spawning Pool  
  15  1:01  Drone x2  
  17  1:09  Drone  
  18  1:20  Drone  
  19  1:31  Overlord  
  19  1:40  Metabolic Boost  
  19  1:41  Queen  
  19  1:42  Zergling x2  
  22  1:53  Zergling x2  
  23  2:09  Hatchery  
  23  2:12  Zergling x2  
  23  2:14  Zergling x2  
  24  2:19  Baneling Nest  
  23  2:26  Zergling x2  
  24  2:38  Zergling x2  
  25  2:46  Zergling x2  
  25  2:49  Zergling x2  
  25  2:50  Zergling x4  
  29  2:59  Roach Warren  
  29  3:00  Drone  
  29  3:10  Zergling x2  
  30  3:21  Drone  
  35  3:29  Extractor  
Show
View Real Time Build Order
Export as new Build Order

Ame Zerg 

Build Orders: Pool First 

Get SALT Encoding   

  12  0:01  Drone  
  13  0:12  Drone  
  14  0:17  Overlord  
  17  0:35  Drone x3  
  17  0:47  Spawning Pool  
  17  0:49  Drone  
  17  1:12  Hatchery  
  17  1:17  Drone  
  17  1:18  Drone  
  18  1:22  Extractor  
  18  1:23  Drone  
  18  1:33  Drone  
  18  1:36  Queen  
  21  1:41  Zergling x2  
  22  1:51  Overlord  
  22  2:10  Zergling x2  
  23  2:25  Queen  
  23  2:26  Drone x2  
  23  2:27  Drone  
  28  2:36  Queen  
  30  2:39  Drone x2  
  32  2:45  Drone  
  32  2:47  Drone  
  32  2:49  Drone x2  
  32  2:51  Overlord  
  36  2:58  Baneling Nest  
  36  3:00  Drone  
  36  3:01  Overlord  
  36  3:15  Overlord  
  36  3:18  Drone  
  36  3:20  Drone  
  36  3:21  Drone  
Tags
 
Add a new tag
Caveats
  • Supply blocks, unpowered buildings, or Contaminate may cause inaccurate times.
  • Supply counts are checked every 10 seconds.